 Seeded DCSS version 0.30.1-4-g462c640d31 (webtiles) character file.

Game seed: 920673320228942481 (custom seed)

8 CarvArkoylaein the Slasher (level 2, 29/29 HPs)
             Began as a Gnoll Cinder Acolyte on Sept 8, 2023.
             Was a High Priest of Ignis.
             Quit the game on level 1 of the Dungeon.
             The game lasted 00:04:06 (656 turns).

CarvArkoylaein the Slasher (Gnoll Cinder Acolyte)    Turns: 656, Time: 00:04:07

Health: 29/29      AC: 10    Str: 18    XL:     2   Next: 8%
Magic:  4/5        EV:  1    Int: 13    God:    Ignis [*****.]
Gold:   25         SH:  0    Dex:  7    Spells: 6/6 levels left

rFire   + . .        a - -1 falchion (flame)
rCold   . . .        (no shield)
rNeg    . . .        c - +0 crystal plate armour of Transparent Music {rPois Regen+ Str+5}
rPois   +            (no helmet)
rElec   .            (no cloak)
rCorr   .            e - +1 pair of gloves {infuse}
SInv    .            d - +0 pair of boots {Stlth+}
Will    .....        (no amulet) Stlth
                     (no ring)
HPRegen 1.04/turn    (no ring)
MPRegen 0.09/turn

%: infuse magic (1 MP)
@: no status effects
A: fangs 1, strong nose, distributed training, deformed body, evolution 1
a: Renounce Religion, Fiery Armour, Foxfire Swarm, Rising Flame


You were on level 1 of the Dungeon.
You worshipped Ignis.
Ignis was extremely pleased with you.
You visited 1 branch of the dungeon, and saw 1 of its levels.

You collected 25 gold pieces.

Inventory:

Hand Weapons
 a - a -1 falchion of flaming (weapon)
Armour
 b - a +0 robe
 c - the +0 crystal plate armour of Transparent Music (worn) {rPois Regen+ Str+5}
   (You acquired it on level 1 of the Dungeon)

   Str:       It affects your strength (+5).
   rPois:     It protects you from poison.
   Regen:     It increases your rate of health regeneration.
 d - a +0 pair of boots of stealth (worn)
 e - a +1 pair of gloves of infusion (worn)
Scrolls
 f - a scroll of amnesia {unknown}


   Skills:
 + Level 6.4 Fighting
 + Level 0.3 Short Blades
 + Level 6.4 Long Blades
 + Level 0.3 Axes
 + Level 0.3 Maces & Flails
 + Level 0.3 Polearms
 + Level 0.3 Staves
 + Level 0.3 Ranged Weapons
 + Level 0.3 Throwing
 + Level 0.3 Armour
 + Level 0.3 Dodging
 + Level 0.3 Stealth
 + Level 0.3 Shields
 + Level 0.3 Unarmed Combat
 + Level 2.7 Spellcasting
 + Level 0.2 Conjurations
 + Level 0.2 Hexes
 + Level 0.2 Summonings
 + Level 0.2 Necromancy
 + Level 0.2 Translocations
 + Level 0.2 Transmutations
 + Level 5.3 Fire Magic
 + Level 0.2 Ice Magic
 + Level 0.2 Air Magic
 + Level 0.2 Earth Magic
 + Level 0.2 Poison Magic
 + Level 0.4 Invocations
 + Level 0.3 Evocations


You had 6 spell levels left.
You didn't know any spells.
Your spell library contained the following spells:

 Spells                   Type           Power      Damage    Failure   Level
 Scorch                   Fire           30%        2d6       100%        2


Dungeon Overview and Level Annotations

Branches:
Dungeon (1/15)

Altars:


Innate Abilities, Weirdness & Mutations

You have very sharp teeth.
Your uncanny sense of smell can sniff out nearby items.
Your experience applies equally to all skills.
Armour fits poorly on your strangely shaped body.
You have hidden genetic potential.


Message History

There is an open door here.
f - a fizzy ruby potion
There is an open door here.
You now have 25 gold pieces (gained 4).
You open the door.
There is an open door here.
You open the large door.
There is a large open door here.
There is a large open door here.
As you open the door, it creaks loudly!
There is an open door here.
Found a robe.
A goblin comes into view. It is wielding a +0 club.
You see here a +0 robe.
A goblin is nearby!
A goblin is nearby!
The goblin hits you but does no damage.
You hit the goblin. You burn the goblin. You punch the goblin.
You kill the goblin!
You have reached level 2!
It was a potion of mutation.
You feel extremely strange.
Your body twists and deforms.
You feel a hidden potential growing inside you.
You see here a +0 club.
You see here a +0 club.
Found a scroll labelled ZYEMITRUNA.
f - a scroll labelled ZYEMITRUNA You see here a +0 robe.
A rat comes into view.
A rat is nearby!
Found 11 gold pieces.
The rat bites you but does no damage.
You barely miss the rat. The rat bites you but does no damage.
You barely miss the rat. The rat completely misses you.
You closely miss the rat. The rat bites you but does no damage.
You barely miss the rat. Your bite misses the rat.
The rat bites you but does no damage.
You slash the rat! You burn the rat.
You kill the rat!
Are you sure you want to abandon this character and quit the game? (Confirm with "yes".)

#. #.........# #...
#. ######'#### #...
#. ##'#### #...
###.. #.....# ####
.....######.....#
#........#.....#
#........#.....#
#........#.....#
#..$@.##.....#
......##.##.....#
##### #.##.....# #
#.###'####
#.######...#.#
.##.....####.#.#
........)...[..# ∆
........####.###
###############.#.#


There were no monsters in sight!

Vanquished Creatures
  A dart slug (D:1)
  A goblin (D:1)
  3 ball pythons (D:1)
  A bat (D:1)
  A rat (D:1)
7 creatures vanquished.

Notes
Turn   | Place    | Note
-------+----------+-------------------------------------------
     0 | D:1      | CarvArkoylaein the Gnoll Cinder Acolyte began the quest for
                  | the Orb.
     0 | D:1      | Reached XP level 1. HP: 23/23 MP: 4/4
    83 | D:1      | Identified 3 scrolls of acquirement
    83 | D:1      | Acquired a +1 pair of gloves of infusion
    84 | D:1      | Acquired a +0 pair of boots of stealth
    85 | D:1      | Acquired the +0 crystal plate armour of Transparent Music
                  | {rPois Regen+ Str+5}
   566 | D:1      | Reached XP level 2. HP: 29/29 MP: 3/5
   566 | D:1      | Gained mutation: Armour fits poorly on your strangely
                  | shaped body. [potion of mutation]
   566 | D:1      | Gained mutation: You have hidden genetic potential. [potion
                  | of mutation]
   656 | D:1      | Quit the game

Illustrated notes

Levels and vault maps discovered:
D:1:      dpeg_arrival_orchard, layout_basic

Action                     || total
---------------------------++-------
  Melee: Falchion          ||    23
         Punch             ||     1
         Bite              ||     1
    Use: Scroll            ||     3
         Potion            ||     1
 Armour: Crystal plate arm ||    11
         Robe              ||     1
  Dodge: Dodged            ||    10
